 Dungeon Crawl Stone Soup version 0.30.0-29-ga12c61a403 (webtiles) character file.

Game seed: 17146423181591715927

80104 javelincjr the Fighter (level 15, -3/128 HPs)
             Began as a Djinni Conjurer on June 5, 2023.
             Was the Champion of Jiyva.
             Killed from afar by a will-o-the-wisp (12 damage)
             ... with a foxfire
             ... on level 2 of the Swamp.
             The game lasted 01:57:16 (17473 turns).

javelincjr the Fighter (Djinni Conjurer)           Turns: 17473, Time: 01:57:16

Health: -3/128     AC:  9    Str: 16    XL:     15   Next: 64%
Gold:   332        EV: 18    Int: 25    God:    Jiyva [******] SH: 24 Dex: 19

rFire   + . .        i - +9 trident of the Tooth {freeze, rElec rC+}
rCold   + + .        q - +3 kite shield {rC+}
rNeg    . . .        v - +0 troll leather armour
rPois   ∞            l - +0 helmet
rElec   +            J - +1 cloak
rCorr   +            p - +0 pair of gloves {hurl}
SInv    +            (boots unavailable)
Will    +....        h - amulet of reflection
Stlth   +            u - ring "Elautro" {rElec Int+4 SInv}
HPRegen 2.81/turn    x - ring of Fociur {Ice rCorr Str-2 Dex+9 Stlth-}
MPRegen 0.00/turn

%: reflection, infuse magic (-4 HP)
@: marked, flying
A: sickness immunity, fire resistance 2, cold vulnerability 1, float, innate
caster, HP casting, extra vitality 1, claws 1, large bone plates 1, sense
surroundings 2, robust 1, strong 2, pseudopods 2
}: 1/15 runes: slimy
a: Renounce Religion, Oozemancy, Slimify


You were on level 2 of the Swamp.
You worshipped Jiyva.
Jiyva was exalted by your worship.
You visited 4 branches of the dungeon, and saw 26 of its levels.
You also visited: Sewer and Ice Cave.

You collected 1003 gold pieces.
You spent 671 gold pieces at shops.

Inventory:

Hand Weapons
 e - a +2 short sword of distortion
 i - the +9 trident of the Tooth (weapon) {freeze, rElec rC+}
   (You found it on level 12 of the Dungeon)

   rC:        It protects you from cold.
   rElec:     It insulates you from electricity.
 z - a +2 vampiric hand axe
 R - a +4 long sword
 T - the +8 whip of Conversion {freeze, rF++ Int+3 Dex-4}
   (You found it on level 5 of the Pits of Slime)

   Int:       It affects your intelligence (+3).
   Dex:       It affects your dexterity (-4).
   rF:        It greatly protects you from fire.
 U - the +4 trident "Moehipam" {drain, *Noise Fly rN+++ Int+2}
   (You found it on level 5 of the Pits of Slime)

   Int:       It affects your intelligence (+2).
   rN:        It renders you almost immune to negative energy.
   Fly:       It grants you flight.
   *Noise:    It may make noises in combat.
 V - a +6 demon trident of flaming
 Y - a +1 short sword of distortion
Armour
 j - a +2 chain mail of positive energy
 l - a +0 helmet (worn)
 p - a +0 pair of gloves of hurling (worn)
 q - a +3 kite shield of cold resistance (worn)
 v - a +0 troll leather armour (worn)
 J - a +1 cloak (worn)
 S - the +4 scale mail of a sewer {rPois}
   (You found it on level 5 of the Pits of Slime)

   rPois:     It protects you from poison.
 Z - a +2 robe of fire resistance
Magical Staves
 M - a staff of cold
Jewellery
 f - the amulet of Korah {rF+ rN+ Will- Regen+}
   (You found it on level 5 of the Pits of Slime)

   [amulet of regeneration]

   rF:        It protects you from fire.
   rN:        It protects you from negative energy.
   Regen:     It increases your rate of health regeneration.
   Will:      It decreases your willpower.
 h - an amulet of reflection (around neck)
 o - a ring of willpower
 r - a ring of protection from fire
 u - the ring "Elautro" (left hand) {rElec Int+4 SInv}
   (You bought it in a shop on level 15 of the Dungeon)

   [ring of see invisible]

   Int:       It affects your intelligence (+4).
   rElec:     It insulates you from electricity.
   SInv:      It lets you see invisible.
 x - the ring of Fociur (right hand) {Ice rCorr Str-2 Dex+9 Stlth-}
   (You found it on level 5 of the Dungeon)

   [ring of ice]

   It enhances your ice magic.
   Str:       It affects your strength (-2).
   Dex:       It affects your dexterity (+9).
   rF:        It makes you vulnerable to fire.
   rC:        It protects you from cold.
   rCorr:     It protects you from acid and corrosion.
   Stlth:     It makes you less stealthy.
 H - a ring of fire
 P - a ring of see invisible
Wands
 t - a wand of roots (17)
 C - a wand of flame (35)
 F - a wand of mindburst (16)
 I - a wand of digging (12)
 X - a wand of paralysis (8)
Scrolls
 b - 5 scrolls of teleportation
 d - a scroll of noise
 m - a scroll of blinking
 n - 3 scrolls of vulnerability
 w - a scroll of torment
 y - a scroll of fog
 G - 2 scrolls of fear
 O - a scroll of summoning {unknown}
Potions
 a - a potion of mutation {unknown}
 c - a potion of ambrosia
 g - a potion of cancellation {unknown}
 k - a potion of haste
 s - 3 potions of lignification {unknown}
 B - 3 potions of curing
 D - a potion of berserk rage {unknown}
 E - a potion of magic {unknown}
 K - 5 potions of heal wounds
 L - a potion of brilliance {unknown}
 N - 2 potions of degeneration {unknown}
 Q - 2 potions of flight {unknown}
 W - 5 potions of might {unknown}
Miscellaneous
 A - a phial of floods


   Skills:
 * Level 14.0 Fighting
 + Level 5.3 Polearms
 + Level 10.4 Armour
 + Level 11.7 Dodging
 - Level 1.8 Stealth
 + Level 10.5 Shields
 * Level 10.3 Spellcasting


You knew the following spells:

 Your Spells              Type           Power      Damage    Failure   Level
a - Magic Dart            Conj           100%       1d8       1%          1
b - Searing Ray           Conj           100%       2d8       1%          2
c - Dazzling Flash        Conj/Hex       100%       N/A       1%          3
d - Fulminant Prism       Conj/Hex       30%        3d15      1%          4
e - Iskenderun's Mystic   Conj/Tloc      60%        2d13      1%          4
f - Kiss of Death         Conj/Necr      100%       2d13      1%          1
g - Scorch                Fire           100%       2d9       1%          2
h - Call Imp              Summ           100%       N/A       1%          2
i - Ice Form              Ice/Tmut       77%        N/A       1%          4
j - Animate Armour        Summ/Erth      100%       N/A       1%          4
k - Agony                 Necr           60%        N/A       4%          5
l - Plasma Beam           Fire/Air       30%        2x1d47    26%         6
Your spell library was empty.

Dungeon Overview and Level Annotations

Branches:
Dungeon (15/15)            Temple (0/1) D:4            Lair (4/5) D:11
  Swamp (2/4) Lair:3        Snake (0/4) Lair:3        Slime (5/5) Lair:4
    Orc (0/2) D:11         Vaults (0/5) D:14         Depths (0/4) D:15
  Sewer (visited)           IceCv (visited)

Altars:
Cheibriados
Hepliaklqana
Makhleb
Qazlal
Uskayaw
Wu Jian
Xom
Yredelemnul
Jiyva

Shops:
D:11 *   D:12 (   D:15 =

Annotations:
Slime:4 Dissolution
Slime:5 Royal Jelly


Innate Abilities, Weirdness & Mutations

You are immune to sickness and miasma.
You are immune to poison.
Your flesh is very heat resistant. (rF++)
You are vulnerable to cold. (rC-)
You float through the air rather than walking.
You learn spells naturally, not from books.
Your magical power is your life essence.
You have superior vitality. (+4 MHP)
You have sharp fingernails.
You are partially covered in large bone plates. (SH +4)
You passively map the area around you.
You are robust. (+10% HP)
Your muscles are very strong. (Str +8, Int/Dex -2)
Armour fits poorly on your large pseudopods.


Message History

The bunyip howls a warning cry! 2 foxfires come into view.
Casting: Iskenderun's Mystic Blast (mildly dangerous; 1% risk of failure)
Confirm with . or Enter, or press ? or * to list all spells.
You erupt in a blast of force!
The mystic blast hits the bunyip!
The bunyip is severely wounded.
The bunyip is knocked back by the mystic blast.
The bunyip collides with the foxfire!
The foxfire is lightly damaged.
The bunyip is severely wounded.
The mystic blast hits the swamp worm!
The swamp worm is heavily wounded.
The swamp worm is knocked back by the mystic blast.
The mystic blast hits the bunyip!
The bunyip is severely wounded.
The bunyip is knocked back by the mystic blast.
The mystic blast hits the eight-headed hydra!!
You kill the eight-headed hydra!
The foxfire hits you! You resist.
* * * LOW HITPOINT WARNING * * *
The foxfire hits you! You resist.
* * * LOW HITPOINT WARNING * * *
The will-o-the-wisp gestures.
The will-o-the-wisp conjures some foxfire!
An alligator comes into view. 2 foxfires come into view.
The foxfire hits you! You resist.
* * * LOW HITPOINT WARNING * * *
The foxfire hits you. You resist.
* * * LOW HITPOINT WARNING * * *
The will-o-the-wisp gestures.
The will-o-the-wisp conjures some foxfire!
The bunyip howls a warning cry!
A foxfire comes into view.
The bunyip howls a warning cry!
A foxfire comes into view.
The foxfire hits you! You resist.
* * * LOW HITPOINT WARNING * * *
The foxfire hits you! You resist.
You die...

*♣♣ ♣♣♣♣♣ * .~♣♣ ♣♣..~♣
~ ~...♣ ♣♣♣.~~.♣♣ *
~..~♣♣ ♣...~~~.♣ ,
,♣~$?~♣♣ ♣♣♣.§~...~♣
..♣....§♣♣♣~..~~~..~♣ ~
~ ...~~..v§........~~.♣
~~ *♣.~~†§x~x.~§.~~.~~♣♣
, ♣§.§§♣§§v@♣♣♣♣♣~~.~♣♣
, ,
t..v.x♣♣♣♣♣♣~..<~~§~..♣♣
, ~~§..$
*.....§[§~..~~~~♣ *
~~~.~~ ~.~~~.~~~...~~~.♣
, ~~w~~
~,~~~~~~~~.~♣~.♣♣♣ ~~~~
~~§§~~~~~~.♣♣♣♣ * ~~~~~
~~ ~...§~~~~.♣ ,
~...~§~~~~♣♣ , ~ ~
...~~~~~.♣


You could see 2 bunyips and a will-o-the-wisp.

Vanquished Creatures
  Rupert (D:14)
  Nessos (D:13)
  A white draconian (IceCv)
  An ettin (D:15)
  8 hydras
  5 centaur warriors
  A catoblepas (Lair:4)
  An ironbound frostheart (IceCv)
  An alligator (Swamp:1)
  3 boulder beetles
  2 two-headed ogres
  Sonja (D:11)
  A deep troll (D:15)
  A wizard (D:15)
  3 bog bodies (Swamp:1)
  5 ugly things
  A manticore (D:14)
  An orc sorcerer (D:15)
  4 cyclopes
  3 black mambas
  Maurice (D:10)
  A centaur zombie (D:14)
  10 cane toads
  4 elephants (Lair:4)
  Maggie (D:6)
  3 efreet
  18 rime drakes
  A freezing wraith (D:15)
  Psyche (D:11)
  A kobold demonologist (D:12)
  10 komodo dragons
  An unseen horror (D:12)
  3 trolls
  8 polar bears
  4 tyrant leeches
  3 hornets
  7 blink frogs
  35 yaks
  A spriggan (Swamp:1)
  12 humans (D:14)
  8 wyverns
  5 wraiths
  A human (shapeshifter) (D:15)
  Grum (D:8)
  5 basilisks
  A redback (shapeshifter) (D:15)
  A steam dragon (Lair:1)
  3 wargs (D:11)
  4 vampire mosquitoes (D:12)
  3 nagas (Lair:3)
  An acid dragon (D:12)
  3 swamp worms
  8 water moccasins
  2 black bears (Lair:3)
  A hornet zombie (D:14)
  An ogre (D:4)
  3 sky beasts
  7 wolves
  10 centaurs
  A phantom (D:5)
  A kobold brigand (D:7)
  9 bullfrogs
  A gnoll sergeant (D:10)
  4 scorpions
  8 wights (D:9)
  22 killer bees
  5 howler monkeys (D:8)
  2 jellies
  5 electric eels
  A gnoll bouda (D:10)
  5 orc priests (D:11)
  A sleepcap (D:7)
  2 iguanas
  5 orc wizards
  A nameless horror (D:11)
  Robin (D:2)
  17 gnolls
  11 adders
  4 river rats (Sewer)
  A shadow imp (D:6)
  4 worms
  3 dart slugs
  11 orcs
  11 ball pythons
  12 bats
  5 endoplasms
  5 giant cockroaches
  16 goblins
  6 hobgoblins
  7 jackals
  9 kobolds
  2 quokkas
  5 frilled lizards
  12 rats
  A fulminant prism (D:10)
454 creatures vanquished.

Vanquished Creatures (collateral kills)
  Roxanne (D:14)
  An ice dragon (IceCv)
  A boulder beetle (Lair:2)
  A death knight (D:15)
  Urug (D:14)
  A rime drake (IceCv)
  A freezing wraith (D:15)
  A komodo dragon (D:11)
  3 meliai (D:14)
  A spriggan (D:9)
  2 wraiths
  A yak (shapeshifter) (D:14)
  4 humans (D:14)
  A basilisk (Lair:4)
  7 yaks
  A steam dragon (D:9)
  Menkaure (D:6)
  2 bullfrogs
  A gnoll sergeant (D:11)
  A bullfrog (shapeshifter) (D:12)
  A wight (D:9)
  3 killer bees (D:9)
  A howler monkey (D:12)
  A gnoll (D:11)
  A white imp (D:7)
  2 orcs
  A kobold (D:7)
43 creatures vanquished.

Vanquished Creatures (others)
  Josephine (D:15)
  A centaur warrior (D:14)
  A tengu warrior (D:15)
  A wizard (D:15)
  A cyclops (D:15)
  A bloated husk (Swamp:1)
  A hornet (shapeshifter) (D:14)
  A spriggan (Swamp:1)
  6 slime creatures (D:15)
  2 wraiths (D:15)
  2 water moccasins (Lair:4)
  3 centaurs
  A wolf (Lair:2)
  2 phantoms (D:5)
  A scorpion (D:5)
  A bullfrog (D:6)
  An electric eel (Lair:2)
  76 jellies
  2 orc priests (D:8)
  A gnoll bouda (D:4)
  An iguana (D:5)
  An adder (D:5)
  A river rat (Sewer)
  A white imp (D:7)
  2 orcs
  2 kobolds (D:4)
  11 foxfires (Swamp:2)
  67 fulminant prisms
192 creatures vanquished.

Grand Total: 689 creatures vanquished

Notes
Turn   | Place    | Note
-------+----------+-------------------------------------------
     0 | D:1      | javelincjr the Djinni Conjurer began the quest for the Orb.
     0 | D:1      | javelincjr set off with the following spells memorised:
                  | Magic Dart, Searing Ray, Dazzling Flash, Fulminant Prism,
                  | Iskenderun's Mystic Blast.
     0 | D:1      | Reached XP level 1. HP: 15/15 MP: 0/0
    89 | D:1      | Reached XP level 2. HP: 20/21 MP: 0/0
   436 | D:1      | Reached XP level 3. HP: 24/26 MP: 0/0
   436 | D:1      | Learned a level 1 spell: Kiss of Death
   910 | D:2      | Reached skill level 1 in Fighting
   910 | D:2      | Reached skill level 1 in Armour
   918 | D:2      | Reached skill level 1 in Shields
   918 | D:2      | Reached XP level 4. HP: 30/32 MP: 0/0
  1179 | D:2      | Noticed Robin
  1317 | D:2      | Killed Robin
  1318 | D:2      | Reached XP level 5. HP: 32/37 MP: 0/0
  1318 | D:2      | Learned a level 2 spell: Scorch
  1847 | D:3      | Found a faded altar of an unknown god.
  1875 | D:3      | Prayed at the altar of an unknown god.
  1875 | D:3      | Became a worshipper of Jiyva Juxtituz the Shapeless
  1875 | D:3      | Reached * piety under Jiyva
  2018 | D:3      | Found a hide-covered altar of Uskayaw.
  2110 | D:3      | Reached skill level 2 in Fighting
  2110 | D:3      | Reached XP level 6. HP: 38/43 MP: 0/0
  2259 | D:4      | Reached ** piety under Jiyva
  2409 | D:4      | Noticed an ogre
  2412 | D:4      | Killed an ogre
  2527 | D:4      | Found a shimmering altar of Xom.
  2529 | D:4      | Found a staircase to the Ecumenical Temple.
  2555 | D:4      | Found a shimmering altar of Xom.
  2556 | D:4      | Found a shimmering altar of Xom.
  2684 | D:5      | Entered Level 5 of the Dungeon
  2704 | D:5      | Reached XP level 7. HP: 28/49 MP: 0/0
  2704 | D:5      | Learned a level 2 spell: Call Imp
  2726 | D:5      | Found a snail-covered altar of Cheibriados.
  2807 | D:5      | Reached *** piety under Jiyva
  2980 | D:5      | Found a glowing drain.
  2985 | D:5      | Identified the ring of Fociur {Ice rCorr Str-2 Dex+9
                  | Stlth-}
  3017 | Sewer    | Entered a sewer
  3120 | Sewer    | Reached skill level 3 in Fighting
  3400 | Sewer    | Gained mutation: Your flesh is almost immune to the effects
                  | of heat. (rF+++) [Jiyva's grace]
  3400 | Sewer    | Gained mutation: Your mind is acute. (Int +4, Str/Dex -1)
                  | [Jiyva's grace]
  3400 | Sewer    | Gained mutation: Your mind is very acute. (Int +8, Str/Dex
                  | -2) [Jiyva's grace]
  3400 | Sewer    | Gained mutation: Your melee attacks may engulf your foes in
                  | ooze. [Jiyva's grace]
  3504 | D:5      | Reached XP level 8. HP: 44/56 MP: 0/0
  3732 | D:5      | Found an ornate altar of the Wu Jian Council.
  3870 | D:5      | Reached **** piety under Jiyva
  4344 | D:6      | Noticed Maggie
  4345 | D:6      | Noticed Menkaure
  4361 | D:6      | Killed Maggie
  4362 | D:6      | Reached skill level 4 in Fighting
  4362 | D:6      | Reached skill level 5 in Dodging
  4370 | D:6      | Killed Menkaure
  4695 | D:7      | Reached XP level 9. HP: 61/62 MP: 0/0
  4695 | D:7      | Learned a level 4 spell: Ice Form
  4696 | D:7      | Reached ***** piety under Jiyva
  4730 | D:7      | Found a stormy altar of Qazlal.
  4748 | D:7      | Reached skill level 5 in Spellcasting
  4811 | D:7      | Reached skill level 5 in Fighting
  4949 | D:7      | Was placed under penance by Jiyva
  4966 | D:7      | Lost mutation: Your melee attacks may engulf your foes in
                  | ooze. [the all-consuming vengeance of Jiyva]
  4986 | D:7      | Gained mutation: You are frail. (-10% HP) [the
                  | all-consuming vengeance of Jiyva]
  4989 | D:7      | Was forgiven by Jiyva
  5373 | D:8      | Reached skill level 5 in Shields
  5433 | D:8      | Reached skill level 5 in Armour
  5439 | D:8      | Reached skill level 6 in Fighting
  5447 | D:8      | Reached XP level 10. HP: 53/64 MP: 0/0
  5796 | D:8      | Noticed Grum
  5801 | D:8      | Reached skill level 7 in Fighting
  5809 | D:8      | Killed Grum
  5892 | D:8      | Gained mutation: You have supernaturally acute eyesight.
                  | (SInv) [Jiyva's grace]
  5892 | D:8      | Gained mutation: Your rubbery body absorbs attacks. (AC +1,
                  | EV +1) [Jiyva's grace]
  5892 | D:8      | Gained mutation: Your pliable body absorbs attacks. (AC +2,
                  | EV +2) [Jiyva's grace]
  5892 | D:8      | Gained mutation: Your gelatinous body deflects attacks. (AC
                  | +3, EV +3) [Jiyva's grace]
  5974 | D:8      | Noticed a two-headed ogre
  5985 | D:8      | Killed a two-headed ogre
  6352 | D:9      | Reached skill level 8 in Fighting
  6487 | D:9      | Reached XP level 11. HP: 70/72 MP: 0/0
  6487 | D:9      | Learned a level 4 spell: Animate Armour
  6558 | D:9      | Found a hazy altar of Hepliaklqana.
  6560 | D:9      | Found a faded altar of an unknown god.
  6909 | D:10     | Entered Level 10 of the Dungeon
  6909 | D:10     | Reached ****** piety under Jiyva
  6944 | D:10     | Found a burning altar of Makhleb.
  7397 | D:10     | Lost mutation: You have supernaturally acute eyesight.
                  | (SInv) [Jiyva's grace]
  7397 | D:10     | Lost mutation: Your mind is very acute. (Int +8, Str/Dex
                  | -2) [Jiyva's grace]
  7397 | D:10     | Lost mutation: Your flesh is almost immune to the effects
                  | of heat. (rF+++) [Jiyva's grace]
  7397 | D:10     | Gained mutation: You are partially covered in large bone
                  | plates. (SH +4) [Jiyva's grace]
  7397 | D:10     | Gained mutation: You are mostly covered in large bone
                  | plates. (SH +6) [Jiyva's grace]
  7397 | D:10     | Gained mutation: You are completely covered in large bone
                  | plates. (SH +8) [Jiyva's grace]
  7397 | D:10     | Gained mutation: You are agile. (Dex +4, Str/Int -1)
                  | [Jiyva's grace]
  7569 | D:10     | Killed Maurice
  7570 | D:10     | Reached skill level 9 in Fighting
  7751 | D:11     | Noticed Psyche
  7778 | D:11     | Killed Psyche
  7953 | D:11     | Noticed a boulder beetle
  7977 | D:11     | Noticed Sonja
  8010 | D:11     | Killed Sonja
  8016 | D:11     | Killed a boulder beetle
  8074 | D:11     | Found Xotzal Pega's General Store.
  8082 | D:11     | Bought a scroll of teleportation for 36 gold pieces
  8137 | D:11     | Found a staircase to the Lair.
  8215 | D:11     | Noticed a two-headed ogre
  8222 | D:11     | Noticed a red ugly thing
  8232 | D:11     | Killed a two-headed ogre
  8243 | D:11     | Killed a red ugly thing
  8244 | D:11     | Reached XP level 12. HP: 65/81 MP: 0/0
  8414 | D:11     | Found a staircase to the Orcish Mines.
  8743 | D:12     | Gained mutation: Your spells are a little easier to cast,
                  | but a little less powerful. [a neqoxec]
  8744 | D:12     | Reached skill level 10 in Fighting
  8880 | D:12     | Found Gehyrchyo's Weapon Shoppe.
  9177 | D:12     | Identified the +9 trident of the Tooth {freeze, rElec rC+}
  9563 | D:13     | Lost mutation: You are completely covered in large bone
                  | plates. (SH +8) [Jiyva's grace]
  9563 | D:13     | Lost mutation: Your mind is acute. (Int +4, Str/Dex -1)
                  | [Jiyva's grace]
  9563 | D:13     | Lost mutation: Your gelatinous body deflects attacks. (AC
                  | +3, EV +3) [Jiyva's grace]
  9563 | D:13     | Lost mutation: Your pliable body absorbs attacks. (AC +2,
                  | EV +2) [Jiyva's grace]
  9563 | D:13     | Lost mutation: Your spells are a little easier to cast, but
                  | a little less powerful. [Jiyva's grace]
  9563 | D:13     | Gained mutation: Armour fits poorly on your pseudopods.
                  | [Jiyva's grace]
  9563 | D:13     | Gained mutation: Armour fits poorly on your large
                  | pseudopods. [Jiyva's grace]
  9563 | D:13     | Gained mutation: Armour fits poorly on your massive
                  | pseudopods. [Jiyva's grace]
  9563 | D:13     | Gained mutation: You are partially covered in iridescent
                  | scales. (AC +2) [Jiyva's grace]
  9584 | D:13     | Noticed Nessos
  9598 | D:13     | Killed Nessos
  9768 | D:13     | Noticed a boulder beetle
  9803 | D:13     | Killed a boulder beetle
  9857 | D:13     | Reached skill level 1 in Polearms
  9999 | D:13     | Noticed a centaur warrior
 10005 | D:13     | Killed a centaur warrior
 10006 | D:13     | Reached skill level 11 in Fighting
 10012 | D:13     | Noticed a four-headed hydra
 10022 | D:13     | Killed a four-headed hydra
 10369 | D:14     | Found a basalt altar of Yredelemnul.
 10414 | D:14     | Killed a centaur warrior
 10520 | D:14     | Reached XP level 13. HP: 89/89 MP: 0/0
 10520 | D:14     | Learned a level 5 spell: Agony
 10626 | D:14     | Noticed Rupert
 10652 | D:14     | Noticed a centaur warrior
 10653 | D:14     | Killed Rupert
 10655 | D:14     | Killed a centaur warrior
 10661 | D:14     | Noticed a centaur warrior
 10705 | D:14     | Noticed a seven-headed hydra
 10716 | D:14     | Killed a seven-headed hydra
 10738 | D:14     | Noticed Roxanne
 10775 | D:14     | Killed Roxanne
 10776 | D:14     | Reached skill level 10 in Dodging
 10815 | D:14     | Noticed Urug
 10825 | D:14     | Killed Urug
 10898 | D:14     | Found a gate to the Vaults.
 10937 | D:14     | Noticed a centaur warrior
 10947 | D:14     | Killed a centaur warrior
 10948 | D:14     | Reached skill level 12 in Fighting
 11001 | D:14     | Killed a centaur warrior
 11216 | D:14     | Noticed a seven-headed hydra
 11221 | D:14     | Killed a seven-headed hydra
 11440 | D:15     | Entered Level 15 of the Dungeon
 11518 | D:15     | Found a frozen archway.
 11519 | D:15     | Noticed a six-headed hydra
 11521 | D:15     | Found Mubutut's One-of-a-Kind Rings.
 11528 | D:15     | Killed a six-headed hydra
 11536 | IceCv    | Entered an ice cave
 11611 | IceCv    | Reached XP level 14. HP: 96/96 MP: 0/0
 11904 | IceCv    | Lost mutation: You are partially covered in iridescent
                  | scales. (AC +2) [Jiyva's grace]
 11904 | IceCv    | Lost mutation: You are mostly covered in large bone plates.
                  | (SH +6) [Jiyva's grace]
 11904 | IceCv    | Lost mutation: You are agile. (Dex +4, Str/Int -1) [Jiyva's
                  | grace]
 11904 | IceCv    | Lost mutation: Armour fits poorly on your massive
                  | pseudopods. [Jiyva's grace]
 11904 | IceCv    | Gained mutation: Your muscles are strong. (Str +4, Int/Dex
                  | -1) [Jiyva's grace]
 11904 | IceCv    | Gained mutation: Your muscles are very strong. (Str +8,
                  | Int/Dex -2) [Jiyva's grace]
 11904 | IceCv    | Lost mutation: You are frail. (-10% HP) [Jiyva's grace]
 11904 | IceCv    | Gained mutation: You are robust. (+10% HP) [Jiyva's grace]
 12154 | IceCv    | Noticed a white draconian
 12192 | IceCv    | Killed a white draconian
 12354 | D:15     | Bought the ring "Elautro" {rElec Int+4 SInv} for 635 gold
                  | pieces
 12510 | D:15     | Killed Josephine
 12554 | D:15     | Identified the +2 leather armour of the Tanner {rElec rF+++
                  | Str+2 Int-5}
 12686 | D:15     | Found a staircase to the Depths.
 12726 | D:15     | Reached skill level 13 in Fighting
 12887 | Lair:1   | Entered Level 1 of the Lair of Beasts
 13492 | Lair:1   | Reached skill level 10 in Shields
 13788 | Lair:2   | Lost mutation: Your rubbery body absorbs attacks. (AC +1,
                  | EV +1) [Jiyva's grace]
 13788 | Lair:2   | Gained mutation: You have acidic saliva. [Jiyva's grace]
 13788 | Lair:2   | Gained mutation: You have sharp fingernails. [Jiyva's
                  | grace]
 13788 | Lair:2   | Gained mutation: You have very sharp fingernails. [Jiyva's
                  | grace]
 13788 | Lair:2   | Gained mutation: You have claws for hands. [Jiyva's grace]
 14160 | Lair:2   | Reached XP level 15. HP: 126/126 MP: 0/0
 14160 | Lair:2   | Learned a level 6 spell: Plasma Beam
 14184 | Lair:2   | Reached skill level 10 in Armour
 14728 | Lair:3   | Reached skill level 10 in Spellcasting
 14851 | Lair:3   | Lost mutation: You have claws for hands. [Jiyva's grace]
 14851 | Lair:3   | Lost mutation: You have very sharp fingernails. [Jiyva's
                  | grace]
 14851 | Lair:3   | Lost mutation: Your muscles are very strong. (Str +8,
                  | Int/Dex -2) [Jiyva's grace]
 14851 | Lair:3   | Lost mutation: Your muscles are strong. (Str +4, Int/Dex
                  | -1) [Jiyva's grace]
 14851 | Lair:3   | Lost mutation: You have acidic saliva. [Jiyva's grace]
 14851 | Lair:3   | Gained mutation: Your muscles are strong. (Str +4, Int/Dex
                  | -1) [Jiyva's grace]
 14851 | Lair:3   | Gained mutation: Your muscles are very strong. (Str +8,
                  | Int/Dex -2) [Jiyva's grace]
 14851 | Lair:3   | Gained mutation: You passively map a small area around you.
                  | [Jiyva's grace]
 14851 | Lair:3   | Gained mutation: You passively map the area around you.
                  | [Jiyva's grace]
 15161 | Lair:3   | Found a staircase to the Swamp.
 15177 | Lair:3   | Reached skill level 5 in Polearms
 15324 | Lair:3   | Found a staircase to the Snake Pit.
 15624 | Lair:4   | Found a staircase to the Slime Pits.
 15651 | Slime:1  | Entered Level 1 of the Pits of Slime
 15656 | Slime:1  | Noticed an acid blob
 15660 | Slime:2  | Noticed an acid blob
 15666 | Slime:3  | Noticed an azure jelly
 15672 | Slime:4  | Noticed Dissolution
 15685 | Slime:5  | Entered Level 5 of the Pits of Slime
 15699 | Slime:5  | Found a viscous altar of Jiyva.
 15700 | Slime:5  | Noticed an acid blob
 15700 | Slime:5  | Noticed a quicksilver ooze
 15700 | Slime:5  | Noticed an acid blob
 15701 | Slime:5  | Noticed a quicksilver ooze
 15702 | Slime:5  | Noticed a quicksilver ooze
 15703 | Slime:5  | Noticed an acid blob
 15704 | Slime:5  | Noticed an acid blob
 15705 | Slime:5  | Noticed the Royal Jelly
 15706 | Slime:5  | Noticed an acid blob
 15706 | Slime:5  | Noticed a rockslime
 15707 | Slime:5  | Identified the +4 trident "Moehipam" {drain, *Noise Fly
                  | rN+++ Int+2}
 15708 | Slime:5  | Noticed an azure jelly
 15709 | Slime:5  | Identified the amulet of Korah {rF+ rN+ Will- Regen+}
 15711 | Slime:5  | Got a slimy rune of Zot
 15729 | Slime:5  | Identified the +4 scale mail of a sewer {rPois}
 15750 | Slime:5  | Identified the +3 leather armour "Osobloviudgh" {Harm
                  | rCorr}
 15751 | Slime:5  | Identified the +8 whip of Conversion {freeze, rF++ Int+3
                  | Dex-4}
 15756 | Slime:5  | Noticed an acid blob
 15765 | Slime:5  | Noticed an acid blob
 15767 | Slime:5  | Noticed a rockslime
 15857 | Slime:5  | Noticed an azure jelly
 15860 | Slime:5  | Noticed a rockslime
 15937 | Slime:4  | Noticed an azure jelly
 16077 | Slime:4  | Noticed an acid blob
 16078 | Slime:4  | Noticed a rockslime
 16083 | Slime:4  | Noticed a quicksilver ooze
 16087 | Slime:4  | Noticed an acid blob
 16111 | Slime:2  | Noticed an acid blob
 16178 | Slime:2  | Noticed an acid blob
 16325 | Slime:2  | Noticed a quicksilver ooze
 16329 | Slime:1  | Noticed an acid blob
 16974 | Swamp:1  | Entered Level 1 of the Swamp
 17215 | Swamp:1  | Reached skill level 14 in Fighting
 17473 | Swamp:2  | Killed from afar by a will-o-the-wisp

Illustrated notes

Levels and vault maps discovered:
D:1:      dpeg_arrival_pits, layout_loops_ring
D:2:      layout_basic, serial_rivers, chequers_serial_rivers_micro_b,
          chequers_serial_rivers_room_a, chequers_serial_rivers_micro_c,
          chequers_serial_rivers_small_3, st_stairs_11, uniq_robin
D:3:      layout_rooms, nicolae_uskayaw_suspiria,
          mainiacjoe_overflow_small_starburst,
          hellmonk_ecumenical_altar_pennies_from_heaven
D:4:      layout_basic, xom_redecorated, minmay_temple_entry_gardened_gates,
          chequers_jeans
D:5:      layout_layer_cave, nicolae_overflow_crystal_walls,
          mainiacjoe_overflow_catwalk, lemuel_tele_altar,
          cheibrodos_sewer_entry_bend, st_stairs_3
D:6:      layout_rooms, nrook_mini_backslash, uniq_maggie, uniq_menkaure
D:7:      layout_loops_cross, nicolae_qazlal_scattered_showers,
          kennysheep_small_square
D:8:      layout_basic, minmay_crossroads, uniq_grum
D:9:      layout_loops_ring, beargit_hepliaklqana_dungeon_heroes,
          minmay_misc_feat_more_columns
D:10:     layout_gridville, lightli_temple_of_fire, uniq_maurice
D:11:     layout_stronghold, erik_lair_orcish_takeover, orc_0_dummy,
          serial_shops, shop, david_defended_altar_orc, uniq_psyche, uniq_sonja
D:12:     layout_loops_corners, serial_shops, shop
D:13:     layout_long_grid, chequers_serial_rivers_micro_e, uniq_nessos
D:14:     layout_loops_corners, david_vaults_3, reono_crystal_passage,
          kennysheep_decorative_pillar, lemuel_zombie_altar_yredelemnul,
          uniq_roxanne
D:15:     hangedman_depths_entry_civil_slaughter, layout_rooms,
          portal_ice_cave_entry_pillars_three, corner_web_ring,
          nicolae_shop_unique_rings, uniq_josephine
Lair:1:   layout_cave_pods, grunt_megastairs_1, infiniplex_staircase_pool_2
Lair:2:   layout_chaotic_city, serial_bayou_shore_b
Lair:3:   layout_big_grid, minmay_swamp_entry_worms,
          minmay_snake_entry_guardpost_large, chequers_serial_rivers_large_b,
          beast_lair_carwin_6
Lair:4:   layout_roguey, minmay_slime_entry_eyes, fungi_pond_lemuel, st_stairs_4
Swamp:1:  layout_basic_swamp, evilmike_swamp_ruin_house_1, swamp_pool1
Swamp:2:  layout_basic_swamp, evilmike_swamp_ruin_rubble_2, uniq_frances
Slime:1:  layout_caves, cheibrodos_slime_lost_civilization_4
Slime:2:  layout_caves
Slime:3:  layout_caves
Slime:4:  layout_caves, dissolution_awaits
Slime:5

Skill      XL: |  1  2  3  4  5  6  7  8  9 10 11 12 13 14 15 |
---------------+----------------------------------------------+-----
Fighting       | 1 2 3 4 6 8 9 11 12 13 14 | 14.0
Armour         | 1 2 3 4 5 6 7 8 9 10 | 10.4
Shields        | 1 2 3 4 5 6 7 8 9 10 | 10.5
Dodging        | 3 4 5 6 7 8 9 10 11 | 11.7
Spellcasting   | 4 5 6 7 8 9 10 | 10.3
Polearms       | 1 3 4 5 |  5.3
Stealth        | |  1.8

Action                     |  1- 3 |  4- 6 |  7- 9 | 10-12 | 13-15 || total
---------------------------+-------+-------+-------+-------+-------++-------
  Melee: Hand axe          |    42 |    43 |       |       |       ||    85
         Dagger            |       |    35 |   151 |   162 |       ||   348
         Punch             |       |       |     4 |       |       ||     4
         Unarmed           |       |       |       |    11 |       ||    11
         Trident           |       |       |       |    77 |   537 ||   614
         Pseudopods        |       |       |       |    13 |   144 ||   157
         Bite              |       |       |       |       |    21 ||    21
   Cast: Magic Dart        |    31 |    60 |    41 |    27 |    47 ||   206
         Searing Ray       |       |     7 |     2 |    14 |     3 ||    26
         Scorch            |       |    11 |    68 |   139 |    67 ||   285
         Call Imp          |       |       |     5 |    41 |    25 ||    71
         Kiss of Death     |       |       |     1 |       |       ||     1
         Iskenderun's Myst |       |       |    19 |    39 |   123 ||   181
         Fulminant Prism   |       |       |     5 |    25 |    38 ||    68
         Animate Armour    |       |       |       |    12 |    10 ||    22
         Ice Form          |       |       |       |     3 |       ||     3
         Plasma Beam       |       |       |       |       |     4 ||     4
    Use: Scroll            |       |     3 |     1 |     4 |    14 ||    22
   Stab: Sleeping          |     2 |     1 |       |       |       ||     3
         Distracted        |       |       |       |     1 |     7 ||     8
 Armour: Robe              |    14 |    28 |       |    31 |       ||    73
         Leather armour    |       |    13 |    59 |    44 |       ||   116
         Skin              |       |     1 |       |     9 |       ||    10
         Troll leather arm |       |       |       |     6 |    51 ||    57
  Dodge: Dodged            |    28 |    64 |    84 |   207 |   215 ||   598
  Block: Other             |    12 |    17 |    36 |    31 |       ||    96
         Reflection        |       |       |     3 |    15 |    24 ||    42
         Buckler           |       |       |       |   215 |   146 ||   361
         Kite shield       |       |       |       |       |   396 ||   396
